 Dungeon Crawl Stone Soup version 0.23-a0-402-g64599a1 (webtiles) character file.

2605 EvilAliv3 the Destroyer (level 9, -2/54 HPs)
             Began as a Gargoyle Conjurer on Nov 4, 2018.
             Was a Believer of Vehumet.
             Slain by an orc warrior
             ... wielding a +0 glaive
              (27 damage)
             ... in a bailey.
             The game lasted 00:53:30 (7937 turns).

EvilAliv3 the Destroyer (Gargoyle Conjurer)         Turns: 7937, Time: 00:53:30

Health: -2/54      AC: 24    Str: 14    XL:     9   Next: 59%
Magic:  18/18      EV: -4    Int: 17    God:    Vehumet [**....]
Gold:   435        SH:  9    Dex: 10    Spells: 17/20 levels left

rFire    + + .     SeeInvis .   (no weapon)
rCold    + . .     Gourm    .   l - +0 shield
rNeg     + . .     Faith    .   D - +2 gold dragon scales
rPois    ∞         Spirit   .   o - +1 helmet
rElec    +         Reflect  .   z - +0 cloak
rCorr    .         Harm     .   y - +0 pair of gloves
MR       .....                  (no boots)
Stlth    ..........             (no amulet)
HPRegen  0.18/turn              e - -2 ring of evasion (curse)
MPRegen  0.16/turn              h - ring of protection from fire

@: no status effects
A: negative energy resistance 1, electricity resistance, unbreathing,
petrification resistance, rot immunity, AC +6
a: Renounce Religion


You were in a bailey.
You worshipped Vehumet.
Vehumet was pleased with you.
You were very hungry.

You visited 1 branch of the dungeon, and saw 7 of its levels.
You also visited: Bailey.

You collected 435 gold pieces.

Inventory:

Hand Weapons
 B - the +6 great mace of Dien Xue {venom, Stlth+}
   (You took it off an ogre on level 5 of the Dungeon)

   It poisons the flesh of those it strikes.
   It makes you more stealthy.
Armour
 l - a +0 shield (worn)
 o - a +1 helmet (worn)
 p - the +1 pair of gloves "Cuse" {-Cast rPois Dex+4 SInv, unknown}
   (You found it in a bailey)

   It affects your dexterity (+4).
   It protects you from poison.
   It lets you see invisible.
   It prevents spellcasting.
 u - a +0 scale mail
 y - a +0 pair of gloves (worn)
 z - a +0 cloak (worn)
 D - +2 gold dragon scales (worn)
Jewellery
 e - a cursed -2 ring of evasion (left hand)
 f - the ring "Idaguac" {rElec Int-4 Dex+4 SInv}
   (You took it off an orc warrior in a bailey)

   [ring of see invisible]

   It affects your intelligence (-4).
   It affects your dexterity (+4).
   It insulates you from electricity.
   It lets you see invisible.
 h - a ring of protection from fire (right hand)
 m - an uncursed ring of flight
Wands
 v - a wand of paralysis (7)
Scrolls
 g - a scroll of magic mapping
 i - a scroll of enchant weapon {unknown}
 k - 2 scrolls of teleportation
 n - a scroll of fog {unknown}
 r - 2 scrolls of immolation {unknown}
 A - a scroll of blinking {unknown}
Potions
 a - a potion of lignification
 b - a potion of heal wounds {unknown}
 d - 3 potions of might
 j - a potion of invisibility
 q - a potion of haste {unknown}
 s - a potion of curing {unknown}
Comestibles
 c - 2 rations


   Skills:
 + Level 5.6 Fighting
 + Level 4.6 Dodging
 - Level 2.1 Stealth
 + Level 4.9 Shields
 + Level 6.2 Spellcasting
 * Level 8.3 Conjurations


You had 17 spell levels left.
You knew the following spells:

 Your Spells              Type           Power        Failure   Level  Hunger
a - Magic Dart            Conj           ####         100%        1    None
b - Searing Ray           Conj           ####..       100%        2    None

Your spell library contained the following spells:

 Spells                   Type           Power        Failure   Level  Hunger
 Throw Frost              Conj/Ice       ###...       100%        2    None
 Dazzling Spray           Conj/Hex       ###...       100%        3    ##.....
 Force Lance              Conj/Tloc      ###.....     100%        4    ####...
 Fulminant Prism          Conj/Hex       ###.......   100%        4    ####...
 Iskenderun's Mystic Bla  Conj           ####....     100%        4    ####...


Dungeon Overview and Level Annotations

Branches:
Dungeon (7/15)             Temple (0/1) D:5

Altars:
Dithmenos
Sif Muna
Vehumet
Wu Jian
Zin
The Shining One

Annotations:
D:4 Sigmund
D:6 5 runed doors
D:7 Dowan, Duvessa, Pikel


Innate Abilities, Weirdness & Mutations

You are resistant to torment.
Your stone body is resilient. (AC +6)
You are immune to poison.
You resist negative energy. (rN+)
You are resistant to electric shocks. (rElec)
You can survive without breathing.
You are immune to petrification.
You are immune to rotting.


Message History

You see here a glaive.
You close the door.
You start resting.
You are feeling very hungry.
You start resting.
HP restored.
Okay, then.
You open the door.
There is an open door, spattered with blood here.
The orc warrior hits you from afar with a glaive!
The orc knight roars a battlecry!
The orcs go into a battle-frenzy!
The orc knight roars a battlecry!
The orc knight goes into a battle-frenzy!
The orc warrior hits you from afar with a glaive!
The orc knight hits you from afar with a halberd.
The orc knight hits you but does no damage.
The orc warrior hits you from afar with a glaive!!
Ouch! That really hurt!
You die...

≈)#############'#############.≈.#
≈)##.....##§§§§§....##.....##.≈.#
≈).##...##.§§§≈§≈§≈..§#...##..≈.#
≈≈.)##.##..≈≈§§§.§≈≈..##.##..≈≈.#
.≈≈..#'#..§≈...⌠...§§..#'#..≈≈.##
.≈≈..#'#.§§§..⌠∩o.o≈≈..#'#..≈≈.∩#
≈≈..##.##..§§...oo≈§§.##.##..≈≈.#
≈.)##...#'..≈≈§§≈≈≈..##...##..≈.#
≈)##.....##.....@...##.....##)≈.#
≈.#############+###'#########.≈.#
≈.........[##.....##).........≈.#
≈≈≈≈≈≈≈≈≈≈..##.∩.##..≈≈≈≈≈≈≈≈≈≈.#
.........≈≈..## ##..≈≈..........#
########..≈≈..###..≈≈..##########
##..≈≈...))≈≈..## ##..≈≈≈≈≈≈≈..##
##.........##


You could see 2 orc knights and 2 orc warriors.

Vanquished Creatures
  The ghost of Caerwyn the Martial Artist, a novice MfTm of Hepliaklqana (D:5)
  Prince Ribbit (D:6)
  A hungry ghost (D:6)
  2 orc warriors (Bailey)
  A sky beast (D:6)
  A black bear (D:6)
  5 ogres
  A centaur (D:7)
  A gnoll sergeant (D:6)
  4 bullfrogs
  4 wights
  A bullfrog zombie (D:5)
  A centaur zombie (D:4)
  Crazy Yiuf (D:6)
  2 orc priests
  A bullfrog skeleton (D:5)
  Jessica (D:2)
  2 iguanas
  An orc wizard (D:6)
  2 worker ants
  A hound zombie (D:7)
  A hound skeleton (D:7)
  5 gnolls (D:6)
  6 adders
  A shadow imp (D:5)
  An ooze (D:1)
  2 worms (D:2)
  6 leopard geckos
  23 orcs
  9 giant cockroaches
  4 goblins
  8 hobgoblins
  10 jackals
  3 quokkas
  A ball python (D:6)
  8 bats
  2 frilled lizards
  5 kobolds
  8 rats
138 creatures vanquished.

Notes
Turn   | Place    | Note
-------+----------+-------------------------------------------
     0 | D:1      | EvilAliv3 the Gargoyle Conjurer began the quest for the
                  | Orb.
     0 | D:1      | Reached XP level 1. HP: 10/10 MP: 3/3
   165 | D:1      | Reached XP level 2. HP: 16/16 MP: 1/5
   556 | D:1      | Reached skill level 1 in Fighting
   621 | D:1      | Reached XP level 3. HP: 20/20 MP: 3/6
  1342 | D:2      | Noticed Jessica
  1345 | D:2      | Killed Jessica
  1345 | D:2      | Reached XP level 4. HP: 25/25 MP: 4/8
  1760 | D:2      | Found an ornate altar of the Wu Jian Council.
  1760 | D:2      | Found a glowing golden altar of the Shining One.
  2003 | D:3      | Found a deep blue altar of Sif Muna.
  2028 | D:3      | Reached XP level 5. HP: 28/30 MP: 0/9
  2322 | D:3      | Found a glowing silver altar of Zin.
  2325 | D:3      | Found a radiant altar of Vehumet.
  2497 | D:3      | Became a worshipper of Vehumet
  2638 | D:4      | Noticed Sigmund
  2653 | D:4      | Reached skill level 5 in Conjurations
  3169 | D:5      | Entered Level 5 of the Dungeon
  3295 | D:5      | Noticed an ogre
  3315 | D:5      | Reached XP level 6. HP: 32/36 MP: 8/11
  3378 | D:5      | Reached skill level 1 in Shields
  3789 | D:5      | Found a staircase to the Ecumenical Temple.
  3982 | D:5      | Found a transporter.
  3987 | D:5      | Noticed Caerwyn's ghost (novice MfTm)
  3988 | D:5      | Found a transporter.
  4073 | D:5      | Killed Caerwyn's ghost
  4073 | D:5      | Reached XP level 7. HP: 10/41 MP: 1/14
  4323 | D:6      | Noticed a hungry ghost
  4338 | D:6      | Killed a hungry ghost
  4338 | D:6      | Reached skill level 5 in Spellcasting
  4338 | D:6      | Reached XP level 8. HP: 42/48 MP: 4/15
  4414 | D:6      | Reached skill level 6 in Conjurations
  4696 | D:6      | Reached * piety under Vehumet
  4696 | D:6      | Offered knowledge of Sandblast by Vehumet.
  4700 | D:6      | Learned a level 2 spell: Searing Ray
  4982 | D:6      | Found the +9 staff of Olgreb {rPois}
  5210 | D:6      | Found a runed gate.
  5211 | D:6      | Found a runed door.
  5214 | D:6      | Noticed Prince Ribbit
  5225 | D:6      | Killed Prince Ribbit
  5291 | D:6      | Reached skill level 7 in Conjurations
  5518 | D:5      | Reached XP level 9. HP: 53/53 MP: 13/17
  5522 | D:5      | Got a steaming great mace
  5525 | D:5      | Identified the +6 great mace of Dien Xue {venom, Stlth+}
                  | (You took it off an ogre on level 5 of the Dungeon)
  5653 | D:6      | Reached skill level 5 in Fighting
  5680 | D:6      | Found a runed gate.
  5680 | D:6      | Found a runed gate.
  5893 | D:6      | Reached ** piety under Vehumet
  5893 | D:6      | Offered knowledge of Throw Frost by Vehumet.
  6029 | D:6      | Found a runed door.
  6033 | D:6      | Noticed Crazy Yiuf
  6037 | D:6      | Killed Crazy Yiuf
  6149 | D:6      | Found a runed door.
  6192 | D:7      | Found a shadowy altar of Dithmenos.
  6197 | D:7      | Noticed Pikel
  6203 | D:7      | Noticed Dowan
  6204 | D:7      | Noticed Duvessa
  6387 | D:7      | Reached skill level 8 in Conjurations
  6416 | D:7      | Found a flagged portal.
  6483 | Bailey   | Entered a bailey
  7086 | Bailey   | Noticed an orc knight
  7102 | Bailey   | Noticed an orc knight
  7219 | Bailey   | Got a crude steel ring
  7367 | Bailey   | Identified the ring "Idaguac" {rElec Int-4 Dex+4 SInv} (You
                  | took it off an orc warrior in a bailey)
  7373 | Bailey   | Got a pair of heavily runed gloves
  7937 | Bailey   | Slain by an orc warrior

Vault maps used:
D:1:      minmay_arrival_widening_spiral_wide
D:2:      gammafunk_temple_overflow_pools, mrwooster_statue_mirror,
          serial_park_tiny_1, uniq_jessica
D:3:      old_standard_altar, nicolae_overflow_hidden_temple,
          minmay_misc_feat_rows
D:4:      first_ration, uniq_sigmund
D:5:      minmay_temple_entry_glassed_door, gammafunk_ghost_smash
D:6:      minmay_guarded_unrand_staff_of_olgreb, uniq_crazy_yiuf_cottage,
          uniq_prince_ribbit1
D:7:      nicolae_dithmenos_shadow_blocks, enter_bailey_6, wad_woods_river_04,
          grunt_ogre_cave, uniq_pikel, uniq_duvessa
Bailey:   bailey_polearm_1, bailey

Skill      XL: |  1  2  3  4  5  6  7  8  9 |
---------------+----------------------------+-----
Fighting       | 1 2 3 4 5 |  5.6
Dodging        | 2 3 4 |  4.6
Spellcasting   | 3 4 5 6 |  6.2
Conjurations   | 5 7 8 |  8.3
Shields        | 2 4 |  4.9
Stealth        | |  2.1

Action                   |  1- 3 |  4- 6 |  7- 9 || total
-------------------------+-------+-------+-------++-------
Melee: Unarmed           |     4 |       |       ||     4
       Dagger            |    18 |       |       ||    18
       Mace              |    11 |    21 |       ||    32
       Club              |       |    56 |    28 ||    84
       Great mace        |       |       |    57 ||    57
 Cast: Magic Dart        |    59 |    95 |   232 ||   386
       Searing Ray       |       |       |    19 ||    19
Evoke: Wand              |       |       |    12 ||    12
  Use: Scroll            |       |     5 |     6 ||    11
       Potion            |       |       |     1 ||     1
 Stab: Distracted        |       |       |     1 ||     1
  Eat: Chunk             |     2 |     8 |    10 ||    20
       Ration            |       |       |     2 ||     2
Armor: Robe              |    10 |    14 |       ||    24
       Leather armour    |       |    34 |     8 ||    42
       Scale mail        |       |       |   127 ||   127
       Gold dragon scale |       |       |     2 ||     2
Dodge: Dodged            |    22 |    71 |   101 ||   194
Block: Shield            |       |       |     2 ||     2

Table legend:
 A = Non-vault XP
 B = Vault XP
 C = Vault XP percentage of total XP
 D = Non-vault monster count
 E = Vault monster count
 F = Vault count percentage of total count
                 A         B        C        D         E       F
            +---------+---------+-------+---------+---------+-------
      Total |    2451 |    1271 |  34.1 |     119 |      19 |  13.8
            +---------+---------+-------+---------+---------+-------
        D:1 |      36 |       0 |   0.0 |      19 |       0 |   0.0
        D:2 |      51 |      37 |  42.0 |      20 |       1 |   4.8
        D:3 |      64 |       0 |   0.0 |      12 |       0 |   0.0
        D:4 |      70 |       0 |   0.0 |       8 |       0 |   0.0
        D:5 |     416 |     609 |  59.4 |      13 |       2 |  13.3
        D:6 |    1437 |     319 |  18.2 |      40 |       2 |   4.8
        D:7 |     377 |       0 |   0.0 |       7 |       0 |   0.0
     Bailey |       0 |     306 | 100.0 |       0 |      14 | 100.0
            +---------+---------+-------+---------+---------+-------
